 Dungeon Crawl Stone Soup version 0.31.0-9-g3a7656b989 (console) character file.

Game seed: 16808517079140191244

228 AlterAsc the Ruffian (level 5, 0/60 HPs)
             Began as a Draconian Shapeshifter on Jan 24, 2024.
             Incinerated by a bombardier beetle (4 damage)
             ... with a burning spray
             ... on level 3 of the Dungeon.
             The game lasted 00:05:05 (2317 turns).

AlterAsc the Ruffian (Draconian Shapeshifter)       Turns: 2317, Time: 00:05:06

Health: 0/60       AC: 22    Str: 19    XL:     5   Next: 70%
Magic:  5/5        EV:  2    Int: 10    God:
Gold:   179        SH:  5    Dex: 10    Spells: 4/4 levels left

rFire   . .          .
                       - Unarmed
rCold   . . .        (no shield)
rNeg    . . .        (body armour unavailable)
rPois   +            (helmet currently unavailable)
rElec   .            (cloak currently unavailable)
rCorr   .            (gloves currently unavailable)
SInv    +            (boots currently unavailable)
Will    .....        n - amulet of reflection
Stlth   +            l - ring of see invisible
HPRegen 0.30/turn    (no ring)
MPRegen 0.09/turn

%: reflection
@: on fire, tree-form, glowing
A: stationary, stasis, torment immunity, boosted hp, AC +5, unfitting armour,
(cold-blooded)
a: no special abilities


You were on level 3 of the Dungeon.
You were a tree.
You visited 1 branch of the dungeon, and saw 4 of its levels.

You collected 179 gold pieces.

Inventory:

Hand Weapons
 j - a +2 dagger of venom
Missiles
 e - 42 stones (quivered)
Jewellery
 l - a ring of see invisible (left branch)
 n - an amulet of reflection (around neck)
Talismans
 b - a beast talisman
 c - a flux talisman
Scrolls
 d - a scroll of vulnerability {unknown}
 f - a scroll of fear {unknown}
 h - 3 scrolls of identify {unknown}
 m - a scroll of amnesia {unknown}
Potions
 g - a potion of brilliance {unknown}
 i - a potion of heal wounds {unknown}
 k - a potion of cancellation {unknown}


   Skills:
 - Level 1.1 Fighting
 - Level 1.7 Dodging
 + Level 6.5 Unarmed Combat
 - Level 3.0 Shapeshifting


You had 4 spell levels left.
You didn't know any spells.
Your spell library contained the following spells:

 Spells                   Type           Power      Damage    Failure   Level
 Apportation              Tloc           0%         N/A       36%         1
 Necrotise                Necr           0%         1d4       36%         1
 Sting                    Conj/Alch      0%         1d3       36%         1
 Summon Small Mammal      Summ           0%         N/A       36%         1
 Fugue of the Fallen      Necr           0%         N/A       75%         3
 Ozocubu's Armour         Ice            0%         N/A       75%         3
 Manifold Assault         Tloc           0%         N/A       98%         4


Dungeon Overview and Level Annotations

Branches:
Dungeon (4/15)
 Temple: D:4-7

Altars:

Annotations:
D:3 2 runed translucent doors, Gottschkopf's ghost, amateur MiFi


Innate Abilities, Weirdness & Mutations

You are a tree.
Your roots penetrate the ground, keeping you stationary.
You cannot be teleported.
You are immune to unholy pain and torment.
Your maximum health is greatly increased.
Your equipment is partially melded.
((Your plain brown scales are hard. (AC +5)))
You cannot fit into any form of body armour.
((You are cold-blooded and may be slowed by cold attacks.))


Message History

Press: ? - help, v - describe, . - travel A stone staircase leading down, spattered with blood.
Unknown command.
Really quaff the potion of lignification?
Your transformation has ended.
You turn into a tree.
Your roots penetrate the ground.
The orc hits you but does no damage. The endoplasm freezes you.
You are frozen.
* * * LOW HITPOINT WARNING * * *
The endoplasm freezes you.
You are frozen.
* * * LOW HITPOINT WARNING * * *
The orc hits you but does no damage.
You hit the orc but do no damage.
The orc is severely wounded.
You feel yourself speed up. The orc hits you but does no damage.
The endoplasm freezes you.
You are frozen.
* * * LOW HITPOINT WARNING * * *
You hit the orc.
You kill the orc!
The endoplasm hits you but does no damage.
You hit the endoplasm.
The endoplasm is almost dead.
The endoplasm hits you but does no damage.
You smack the endoplasm!
You kill the endoplasm!
The bombardier beetle sprays incendiary fluid at you.
The burning spray hits you.
You are covered in liquid fire!
You cannot move.
The liquid fire burns you!
* * * LOW HITPOINT WARNING * * *
You hit the bombardier beetle but do no damage.
The liquid fire burns you!
* * * LOW HITPOINT WARNING * * *
You barely miss the bombardier beetle. The liquid fire burns you!
You die...

### ######## ########.##
.......#############.......#.####
##....................###.###....
##.#.....###.#######.....## ##.##
##...#.### #.#)B♣)........###..#
###..#.#####.#.#####.#####.#.#.#
..........##.#.# #.# ##.##.#
..........##.#.# #.# #.##.##
###..#.##......#####.######.##.~.
F##..#......................##P♣~
S#...>........##..)..######.##.~~
~##.........#..#.##.## #.##..~
~#..###..........##.# #......
~#..# #..........##.# #.##...
~#..#####...........#######.###..


You could see a bombardier beetle.

Vanquished Creatures
  A centaur (D:4)
  Terence (D:3)
  Robin (D:3)
  4 gnolls
  A white imp (D:3)
  4 orcs
  4 ball pythons
  5 endoplasms
  A giant cockroach (D:2)
  14 goblins
  4 hobgoblins
  4 jackals (D:4)
  6 kobolds
  2 quokkas (D:1)
  A bat (D:1)
  4 frilled lizards
  8 rats
65 creatures vanquished.

Notes
Turn   | Place    | Note
-------+----------+-------------------------------------------
     0 | D:1      | AlterAsc the Draconian Shapeshifter began the quest for the
                  | Orb.
     0 | D:1      | Reached XP level 1. HP: 16/16 MP: 1/1
    64 | D:1      | Reached XP level 2. HP: 19/23 MP: 2/2
   153 | D:1      | Found a faded altar of an unknown god.
   401 | D:1      | Reached skill level 4 in Unarmed Combat
  1066 | D:2      | Reached XP level 3. HP: 28/28 MP: 3/3
  1250 | D:3      | Noticed Terence
  1257 | D:3      | Killed Terence
  1319 | D:3      | Reached XP level 4. HP: 35/35 MP: 4/4
  1358 | D:3      | Found a runed translucent door.
  1359 | D:3      | Noticed Gottschkopf's ghost (amateur MiFi)
  1359 | D:3      | Noticed a bullfrog
  1385 | D:3      | Found a runed translucent door.
  1471 | D:3      | Noticed Robin
  1476 | D:3      | Reached skill level 5 in Unarmed Combat
  1494 | D:3      | Killed Robin
  1978 | D:4      | Noticed a centaur
  1992 | D:4      | Killed a centaur
  1993 | D:4      | Reached skill level 6 in Unarmed Combat
  1993 | D:4      | Reached XP level 5. HP: 10/40 MP: 5/5
  2317 | D:3      | Incinerated by a bombardier beetle

Illustrated notes

Levels and vault maps discovered:
D:1:      minmay_arrival_four_houses, layout_rooms,
          shapermc_ecumenical_altar_gd, minmay_distorted
D:2:      layout_loops_ring
D:3:      layout_loops_ring, serial_bayou, serial_bayou_pond_c,
          serial_bayou_pond_b, serial_bayou_pond_d, serial_bayou_crossing,
          ebering_ghost_sewer_f, uniq_robin, uniq_terence
D:4:      layout_cave_pools, vehumet_statue, minmay_temple_entry_gardened_gates,
          serial_shops, nicolae_shop_rolling_square,
          hangedman_decor_diamond_cutter

Skill      XL: |  1  2  3  4 |
---------------+-------------+-----
Unarmed Combat | 4 6 |  6.5
Fighting       | |  1.1
Dodging        | |  1.7
Shapeshifting  | |  3.0

Action                     |  1- 3 |  4- 6 || total
---------------------------+-------+-------++-------
  Melee: Unarmed           |    63 |    24 ||    87
         Punch             |     2 |     4 ||     6
         Tailslap          |     6 |     9 ||    15
         Dagger            |    26 |    57 ||    83
    Use: Potion            |       |     2 ||     2
 Armour: Skin              |    31 |    60 ||    91
  Dodge: Dodged            |    41 |    36 ||    77
  Block: Other             |       |    20 ||    20
         Reflection        |       |     1 ||     1
